 Dungeon Crawl Stone Soup version 0.19-a0-1025-g778f431 (webtiles) character file.

56 Leszczynek the Cudgeler (level 3, 0/39 HPs)
             Began as an Ogre Abyssal Knight on July 28, 2016.
             Was a Believer of Lugonu.
             Slain by a gnoll
             ... wielding a +0 flail
              (11 damage)
             ... on level 2 of the Dungeon.
             The game lasted 00:06:53 (2089 turns).

Leszczynek the Cudgeler (Ogre Abyssal Knight)       Turns: 2089, Time: 00:06:54

Health: 0/39       AC:  3    Str: 17    XL:     3   Next: 95%
Magic:  4/4        EV: 11    Int: 11    God:    Lugonu [**....]
Gold:   113        SH:  0    Dex: 10    Spells: 0 memorised, 2 levels left

rFire  . . .     SeeInvis .     a - +1 mace
rCold  . . .     Gourm    .     b - +0 robe
rNeg   . . .     Faith    .     (no shield)
rPois  .         Spirit   .     (helmet restricted)
rElec  .         Dismiss  .     (no cloak)
rCorr  .         Reflect  .     (gloves unavailable)
SustAt .         Harm     .     (boots unavailable)
MR     .....                    (no amulet)
Stlth  +.........               (no ring)
                                j - +1 ring of evasion

@: not resistant to hostile enchantments, very unstealthy
A: unfitting armour, tough skin 1
a: Depart the Abyss, Bend Space, Renounce Religion


You were on level 2 of the Dungeon.
You worshipped Lugonu.
Lugonu was pleased with you.
You were hungry.

You visited 1 branch of the dungeon, and saw 2 of its levels.
You visited the Abyss 1 time.

You collected 113 gold pieces.

Inventory:

Hand Weapons
 a - a +1 mace (weapon)
Missiles
 l - 2 tomahawks (quivered)
 m - 15 sling bullets
 p - 8 exploding tomahawks
Armour
 b - a +0 robe (worn)
Jewellery
 j - a +1 ring of evasion (left hand)
Scrolls
 d - a scroll of immolation {unknown}
 e - 5 scrolls of identify {unknown}
 f - a scroll of blinking {unknown}
 h - a scroll of remove curse {unknown}
 i - a scroll of fog {unknown}
 n - 2 scrolls of enchant weapon {unknown}
 r - a scroll of teleportation {unknown}
Potions
 g - a potion of agility {unknown}
 k - 3 potions of curing {unknown}
Comestibles
 c - a bread ration
 o - a meat ration


   Skills:
 - Level 4.0 Fighting
 + Level 4.2 Maces & Flails
 - Level 2.1 Dodging
 - Level 2.0 Stealth
 - Level 2.0 Invocations


You had 2 spell levels left.
You didn't know any spells.

Dungeon Overview and Level Annotations

Branches:
Dungeon (2/15)

Altars:

Annotations:
D:2 Terence


Innate Abilities, Weirdness & Mutations

You are too large for most types of armour.
You have tough skin. (AC +1)


Message History

The gnoll is heavily wounded.
The gnoll hits you but does no damage.
You barely miss the gnoll.
The gnoll is heavily wounded.
The gnoll hits you with a flail!
You hit the gnoll.
The gnoll is severely wounded.
The gnoll hits you with a flail.
You closely miss the gnoll.
The gnoll is severely wounded.
The gnoll hits you but does no damage.
The gnoll shouts!
You hit the gnoll.
The gnoll is almost dead.
The gnoll hits you with a flail.
You are too injured to fight recklessly!
You barely miss the gnoll.
The gnoll is almost dead.
The gnoll hits you with a flail!
You die...

##.####.# ... . .......##.##g.
###...g.......#
..............# ...
......gr.$....# ... #K# ..#
#K# #.# #g# #.# #@# #####.###
###?###### #!......#
#..(.([..# #.......#
#..((....#### #.......#
#........##.# #.......#
#.<......##.#
.?......#w####........##.#
........#..#..........##.#####
........##.###...............#


You could see 2 gnolls, a hobgoblin (wandering), 2 kobolds and a rat.

Vanquished Creatures
  2 gnolls
  2 dart slugs (D:1)
  3 giant cockroaches
  6 hobgoblins
  A bat (D:2)
  2 giant newts (D:1)
  4 goblins
  5 kobolds (D:1)
  11 rats
36 creatures vanquished.

Notes
Turn   | Place    | Note
-------+----------+-------------------------------------------
     0 | Abyss:1  | Leszczynek the Ogre Abyssal Knight began the quest for the Orb.
     0 | Abyss:1  | Reached XP level 1. HP: 24/24 MP: 2/2
     5 | Abyss:1  | Noticed a tentacled starspawn
    35 | D:1      | Escaped the Abyss
   118 | D:1      | HP: 2/24 [gnoll (4)]
   378 | D:1      | HP: 1/24 [gnoll (6)]
   408 | D:1      | T A C T I C S
   663 | D:1      | Reached skill level 1 in Stealth
   663 | D:1      | Reached XP level 2. HP: 23/32 MP: 3/3
   804 | D:1      | Reached skill level 2 in Stealth
   896 | D:1      | Reached skill level 3 in Maces & Flails
   896 | D:1      | Reached XP level 3. HP: 36/39 MP: 4/4
  1026 | D:1      | Reached ** piety under Lugonu
  1542 | D:2      | Reached skill level 4 in Maces & Flails
  1623 | D:2      | Noticed Terence
  2089 | D:2      | Slain by a gnoll

Vault maps used:
D:1:      lightli_arrival_flooded_house
D:2:      lemuel_crystal_altar, old_standard_altar, first_bread,
          minmay_tromino_mix6, uniq_terence

Skill      XL: |  1  2  3 |
---------------+----------+-----
Stealth        | 1 2 |  2.0
Maces & Flails | 3 4 |  4.2
Fighting       | |  4.0
Dodging        | |  2.1
Invocations    | |  2.0

Action                   || total
-------------------------++-------
Melee: Mace              ||   126
Throw: Tomahawk          ||     2
 Stab: Sleeping          ||     2
       Distracted        ||     1
  Eat: Chunk             ||     3
Armor: Robe              ||    24
Dodge: Dodged            ||    79
